 Dungeon Crawl Stone Soup version 0.18-a0-1799-g6250cb2 (webtiles) character file.

219 macross the Sneak (level 5, -4/24 HPs)
             Began as a Spriggan Enchanter on Apr 23, 2016.
             Slain by a wyvern zombie (15 damage)
             ... on level 4 of the Dungeon.
             The game lasted 00:16:30 (4553 turns).

macross the Sneak (Spriggan Enchanter)              Turns: 4553, Time: 00:16:30

Health: -4/24      AC:  5    Str:  4    XL:     5   Next: 63%
Magic:  10/11      EV: 20    Int: 16    God:
Gold:   190        SH:  0    Dex: 18    Spells: 2 memorised, 6 levels left

rFire  . . .     SeeInvis +     o - +0 rapier (venom)
rCold  . . .     Gourm    .     b - +1 robe
rNeg   . . .     Faith    .     (shield restricted)
rPois  .         Spirit   .     (helmet restricted)
rElec  .         Dismiss  .     (no cloak)
rCorr  .         Reflect  .     (gloves unavailable)
SustAt .         Harm     .     (boots unavailable)
MR     .....                    n - amulet of regeneration
Stlth  ++++......               s - +2 ring of protection
                                r - ring of wizardry

@: drained, very quick, not resistant to hostile enchantments, stealthy
A: unfitting armour, see invisible, herbivore 3, speed 3, slow metabolism 2
a: no special abilities


You were on level 4 of the Dungeon.
You were very hungry.

You visited 1 branch of the dungeon, and saw 4 of its levels.

You collected 190 gold pieces.

Inventory:

Hand Weapons
 a - a +1 dagger
 k - a -2 short sword
 o - a +0 rapier of venom (weapon)
 y - a +1 vampiric dagger
Armour
 b - a +1 robe (worn)
Jewellery
 h - an uncursed amulet of harm
 n - an amulet of regeneration (around neck)
 r - a ring of wizardry (left hand)
 s - a +2 ring of protection (right hand)
Wands
 z - a wand of confusion (34/48)
Scrolls
 d - 3 scrolls of remove curse
 e - a scroll of amnesia
 g - 6 scrolls of teleportation
 j - a scroll of magic mapping
 m - a scroll of fear
 q - a scroll of enchant armour {unknown}
 t - a scroll of blinking {unknown}
 u - a scroll of random uselessness
 w - a scroll of immolation {unknown}
 x - 2 scrolls of identify
Potions
 f - 2 potions of degeneration {unknown}
 i - a potion of heal wounds {unknown}
 l - 3 potions of might {unknown}
 p - a potion of invisibility {unknown}
 v - a potion of haste {unknown}
Books
 c - a book of Maledictions

   Spells                             Type                      Level
   a - Corona                         Hexes                        1
   b - Ensorcelled Hibernation        Hexes/Ice                    2
   c - Confuse                        Hexes                        3
   d - Tukima's Dance                 Hexes                        3
   e - Dazzling Spray                 Conjuration/Hexes            3


   Skills:
 + Level 0.1(0.0) Fighting
 * Level 2.5(1.9) Short Blades
 + Level 4.8(4.3) Dodging
 * Level 7.0(6.4) Stealth
 + Level 3.4(2.8) Spellcasting
 + Level 4.3(3.8) Hexes


You had 6 spell levels left.
You knew the following spells:

 Your Spells              Type           Power        Failure   Level  Hunger
a - Corona                Hex            ##.....      1%          1    #......
b - Confuse               Hex            ##......     4%          3    ###....


Dungeon Overview and Level Annotations

Branches:
Dungeon (4/15)
 Temple: D:4-7

Altars:


Innate Abilities, Weirdness & Mutations

You are tiny and cannot use many weapons and most armour.
You have supernaturally acute eyesight.
You are a herbivore.
You cover ground extremely quickly.
You need consume almost no food.


Message History

You barely miss the wyvern zombie.
The wyvern zombie bites you but does no damage.
The wyvern zombie bites you.
You hit the wyvern zombie. The wyvern zombie barely misses you.
You barely miss the wyvern zombie. The wyvern zombie bites you!
Ouch! That really hurt!
The wyvern zombie closely misses you.
You hit the wyvern zombie but do no damage.
The wyvern zombie closely misses you.
There is a stone staircase leading down here.
Casting: Confuse
Confirm with . or Enter, or press ? or * to list all spells.
Aiming: Corona
Press: ? - help, Shift-Dir - straight line, f/p - wyvern zombie
Aim: a wyvern zombie (chance to defeat MR: 63%)
The wyvern zombie is outlined in light.
You hit the wyvern zombie. The wyvern zombie barely misses you.
The wyvern zombie bites you!
Ouch! That really hurt!
You die...

#.#..#.# #.#..#.#########
### #.#..#.......... ..#
###.##.#.######### ..#
#................. ..#
#.#.#.#..#########
..###### #.#......# #
......†#########.###....#
# ...............Z@#
#....# #
...............#.# #....#
#
........######.#######..#
# ........# #..........#
# ........# ########...#
# #.......# #...# #
#.......# #...# #
#.##.##.# #...#########
#.†........##


You could see a wyvern zombie.

Vanquished Creatures
  A scorpion (D:4)
  A worker ant (D:4)
  3 adders
  3 gnolls (D:3)
  An ooze (D:1)
  An adder skeleton (D:4)
  A worm (D:2)
  A dart slug (D:2)
  A giant gecko (D:1)
  An orc (D:3)
  2 ball pythons
  7 giant cockroaches
  11 hobgoblins
  6 kobolds
  4 quokkas
  9 bats
  A giant newt (D:1)
  11 goblins
  A jackal zombie (D:4)
  9 rats
75 creatures vanquished.

Notes
Turn   | Place    | Note
--------------------------------------------------------------
     0 | D:1      | macross the Spriggan Enchanter began the quest for the Orb.
     0 | D:1      | Reached XP level 1. HP: 9/9 MP: 5/5
   519 | D:1      | Reached XP level 2. HP: 2/13 MP: 4/6
  1689 | D:1      | Reached XP level 3. HP: 14/16 MP: 8/8
  2106 | D:1      | Reached skill level 5 in Stealth
  3023 | D:2      | Learned a level 3 spell: Confuse
  3110 | D:2      | Reached XP level 4. HP: 20/21 MP: 9/9
  3679 | D:3      | Reached skill level 6 in Stealth
  3778 | D:3      | Found a faded altar to an unknown god.
  4019 | D:3      | Reached XP level 5. HP: 24/24 MP: 10/10
  4381 | D:4      | Reached skill level 7 in Stealth
  4553 | D:4      | Slain by a wyvern zombie

Vault maps used:
D:1:      onia_arrival_handbag, minmay_misc_feat_iff
D:3:      ecumenical_altar_1
D:4:      zin_academy, first_bread

Skill      XL: |  1  2  3  4  5 |
---------------+----------------+-----
Hexes          | 4 |  4.3
Dodging        | 4 |  4.8
Stealth        | 5 6 7 |  7.0
Spellcasting   | 3 |  3.4
Short Blades   | 2 |  2.5
Fighting       | |  0.1

Action                   |  1- 3 |  4- 6 || total
-------------------------+-------+-------++-------
Melee: Dagger            |   215 |    29 ||   244
       Rapier            |    15 |    62 ||    77
 Cast: Corona            |    23 |    10 ||    33
       Confuse           |       |     8 ||     8
  Use: Scroll            |     2 |     7 ||     9
 Stab: Sleeping          |     9 |     7 ||    16
       Distracted        |     1 |       ||     1
       Confused          |       |     4 ||     4
  Eat: Bread ration      |       |     1 ||     1
Armor: Robe              |    30 |    13 ||    43
Dodge: Dodged            |   197 |    79 ||   276
